 Dungeon Crawl Stone Soup version 0.31-a0-532-g28f74ba3e5 (webtiles) character file.

Game seed: 3511563568472254026

11830 jlumianski the Fighter (level 12, -9/81 HPs)
             Began as a Djinni Fire Elementalist on Aug 12, 2023.
             Was a Priest of Makhleb.
             Mangled by an ice devil (12 damage)
             ... on level 10 of the Dungeon on Aug 13, 2023.
             The game lasted 01:28:00 (9828 turns).

jlumianski the Fighter (Djinni Fire Elementalist)   Turns: 9828, Time: 01:28:03

Health: -9/81      AC: 14    Str:  5    XL:     12   Next: 12%
Gold:   772        EV: 17    Int: 24    God:    Makhleb [***...] SH:  0 Dex: 15

rFire   + + +        f - +4 dagger "Wuzomua" {heavy, *Rage rF+ rCorr Int+3}
rCold   x . .        (no shield)
rNeg    . . .        y - +2 robe {Will+}
rPois   ∞            i - +2 helmet
rElec   .            u - +1 cloak
rCorr   +            v - +2 pair of gloves
SInv    .            (boots unavailable)
Will    ++...        q - amulet of regeneration
Stlth   +++          e - ring of protection from fire
HPRegen 1.13/turn    (no ring)
MPRegen 0.00/turn

%: random rage (20%), infuse magic (-10 HP)
@: about to teleport, flying
A: sickness immunity, fire resistance 2, cold vulnerability 1, float, innate
caster, HP casting, extra vitality 1, iridescent scales 1, frail 1, weak 1
a: Renounce Religion, Minor Destruction, Lesser Servant of Makhleb


You were on level 10 of the Dungeon.
You worshipped Makhleb.
Makhleb was most pleased with you.
You visited 2 branches of the dungeon, and saw 12 of its levels.
You also visited: Sewer.

You collected 887 gold pieces.
You spent 115 gold pieces at shops.

Inventory:

Hand Weapons
 f - the +4 dagger "Wuzomua" (weapon) {heavy, *Rage rF+ rCorr Int+3}
   (You took it off a kobold brigand on level 9 of the Dungeon)

   Int+3:     It affects your intelligence (+3).
   rF+:       It protects you from fire.
   *Rage:     It berserks you when you make melee attacks (+20% chance).
   rCorr:     It protects you from acid and corrosion.
 z - a +1 rapier
Missiles
 s - 40 poisoned darts
 A - 4 throwing nets
 B - 13 boomerangs
 J - a curare-tipped dart
Armour
 i - a +2 helmet (worn)
 u - a +1 cloak (worn)
 v - a +2 pair of gloves (worn)
 y - a +2 robe of willpower (worn)
Jewellery
 e - a ring of protection from fire (left hand)
 q - an amulet of regeneration (around neck)
 t - a ring of fire
 x - an amulet of reflection
 L - a ring of ice
Talismans
 k - a maw talisman
Wands
 c - a wand of roots (13)
 n - a wand of flame (16)
 C - a wand of charming (8)
 I - a wand of quicksilver (4)
Scrolls
 b - 10 scrolls of teleportation
 d - a scroll of vulnerability
 l - 2 scrolls of revelation {unknown}
 p - 2 scrolls of fear
 r - a scroll of fog
 H - a scroll of silence
 K - 2 scrolls of poison
Potions
 a - a potion of resistance
 g - 2 potions of haste
 h - 2 potions of brilliance
 j - 2 potions of might
 m - 7 potions of enlightenment
 o - 8 potions of curing
 w - a potion of attraction
 D - 3 potions of berserk rage
 G - 4 potions of heal wounds


   Skills:
 * Level 9.5 Fighting
 + Level 4.0 Short Blades
 * Level 9.5 Dodging
 * Level 6.6 Stealth
 - Level 7.1 Spellcasting
 - Level 7.1 Conjurations
 - Level 7.1 Hexes
 - Level 7.1 Summonings
 - Level 7.1 Necromancy
 - Level 7.1 Translocations
 - Level 7.1 Transmutations
 - Level 7.1 Fire Magic
 - Level 7.1 Ice Magic
 - Level 7.1 Air Magic
 - Level 7.1 Earth Magic
 - Level 7.1 Poison Magic
 - Level 6.1 Invocations
 + Level 0.1 Evocations


You knew the following spells:

 Your Spells              Type           Power      Damage    Failure   Level
a - Foxfire               Conj/Fire      100%       2x1d9     1%          1
b - Scorch                Fire           86%        2d8       1%          2
c - Volatile Blastmotes   Fire/Tloc      86%        2d17      1%          3
d - Inner Flame           Hex/Fire       43%        N/A       1%          3
e - Flame Wave            Conj/Fire      43%        2d11      3%          4
f - Summon Small Mammal   Summ           100%       N/A       1%          1
g - Static Discharge      Conj/Air       86%        2-6/arc   1%          2
h - Poisonous Vapours     Pois/Air       86%        N/A       1%          2
i - Ignite Poison         Fire/Tmut/Pois 43%        N/A       1%          3
j - Fulminant Prism       Conj/Hex       21%        3d12      3%          4
Your spell library was empty.

Dungeon Overview and Level Annotations

Branches:
Dungeon (11/15)            Temple (1/1) D:5            Lair (0/5) D:8
    Orc (0/2) D:10          Sewer (visited)

Altars:
Ashenzari
Cheibriados
Dithmenos
Elyvilon
Fedhas
Gozag
Hepliaklqana
Makhleb
Nemelex Xobeh
Okawaru
Qazlal
Ru
Trog
Uskayaw
Wu Jian
Xom
Yredelemnul
Zin
The Shining One

Shops:
D:1 *


Innate Abilities, Weirdness & Mutations

You are immune to sickness and miasma.
You are immune to poison.
Your flesh is very heat resistant. (rF++)
You are vulnerable to cold. (rC-)
You float through the air rather than walking.
You learn spells naturally, not from books.
Your magical power is your life essence.
You have superior vitality. (+4 MHP)
You are partially covered in iridescent scales. (AC +2)
You are frail. (-10% HP)
You are weak. (Str -2)


Message History

The flame wave engulfs the hellwing but does no damage.
The hellwing is lightly wounded.
The flame wave engulfs the ice devil but does no damage.
The ice devil is moderately wounded.
The flame wave engulfs the soul eater.
The soul eater is lightly wounded.
The flame wave engulfs something.
Something hits you but does no damage. The soul eater misses you.
The ice devil hits you but does no damage.
The hellwing misses you. The hellwing barely misses you.
A wave of flame ripples out!
The flame wave engulfs the hellwing but does no damage.
The hellwing is lightly wounded.
The flame wave engulfs the ice devil!
The ice devil is burned terribly!
The ice devil is severely wounded.
The flame wave engulfs the soul eater!!
The soul eater is moderately wounded.
The flame wave engulfs something!
You finish channelling waves of flame.
The soul eater hits you! The hellwing closely misses you.
The hellwing hits you! The ice devil completely misses you.
Something hits you but does no damage.
As you read the scroll of teleportation, it crumbles to dust.
You feel strangely unstable. Something barely misses you.
The soul eater hits you!
* * * LOW HITPOINT WARNING * * *
The ice devil misses you. The hellwing hits you.
* * * LOW HITPOINT WARNING * * *
The hellwing hits you but does no damage.
Okay, then.
Press: ? - help, v - describe, . - travel
Here: a soul eater (moderately wounded)
The floor.
You miss something. Something hits you but does no damage.
The soul eater hits you but does no damage.
The hellwing hits you.
* * * LOW HITPOINT WARNING * * *
The hellwing misses you. The ice devil hits you!
* * * LOW HITPOINT WARNING * * *
The ice devil freezes you!
You feel a terrible chill!
You die...

########## ######
#..)4....##### #.....
#...@....'...# #.####
#..43....###.# #.####
#...[........# #.#...
#........##..# #.#...
####+#######.###.#...
###.....)...
#.....#.#### #...#
#.##))#.#... #...#
#.#.).#.#.##


You could see a soul eater, a hellwing and an ice devil (combustible).

Vanquished Creatures
  2 two-headed ogres
  A tengu warrior (D:8)
  A cyclops (D:8)
  An unseen horror (D:7)
  2 gargoyles (D:8)
  A kobold demonologist (D:8)
  2 trolls
  A hornet (D:8)
  Sigmund (D:4)
  2 shadows
  2 wyverns
  3 wraiths
  8 yaks
  A steam dragon (D:6)
  4 vampire mosquitoes
  2 wargs (D:8)
  Duvessa (D:4)
  2 acid dragons
  3 ice beasts
  4 orc warriors
  4 black bears
  4 sky beasts
  An ogre (D:5)
  5 centaurs
  2 phantoms
  5 kobold brigands
  2 gnoll sergeants (D:7)
  4 bullfrogs
  2 scorpions
  A wight (D:7)
  Dowan (D:4)
  3 killer bees (D:9)
  A howler monkey (D:6)
  3 jellies
  8 hounds
  4 orc priests
  Ijyb (D:4)
  17 orc wizards
  13 adders
  8 gnolls
  3 river rats (Sewer)
  A shadow imp (D:7)
  An ufetubus (D:6)
  2 worms
  4 dart slugs
  33 orcs
  10 ball pythons
  8 endoplasms
  3 giant cockroaches
  12 goblins
  8 hobgoblins
  19 jackals
  5 quokkas
  12 bats
  9 frilled lizards
  26 kobolds
  17 rats
306 creatures vanquished.

Vanquished Creatures (collateral kills)
  A killer bee (D:9)
  A worm (D:3)
2 creatures vanquished.

Vanquished Creatures (others)
  444 foxfires
  7 fulminant prisms
451 creatures vanquished.

Grand Total: 759 creatures vanquished

Notes
Turn   | Place    | Note
-------+----------+-------------------------------------------
     0 | D:1      | jlumianski the Djinni Fire Elementalist began the quest for
                  | the Orb.
     0 | D:1      | jlumianski set off with the following spells memorised:
                  | Foxfire, Scorch, Volatile Blastmotes, Inner Flame, Flame
                  | Wave.
     0 | D:1      | Reached XP level 1. HP: 15/15 MP: 0/0
    47 | D:2      | Found a hide-covered altar of Uskayaw.
    80 | D:1      | Found Hipo's Assorted Antiques.
    85 | D:1      | Reached XP level 2. HP: 21/22 MP: 0/0
   345 | D:1      | Reached XP level 3. HP: 24/26 MP: 0/0
   345 | D:1      | Learned a level 1 spell: Summon Small Mammal
   443 | D:3      | Reached skill level 1 in Fighting
   574 | D:4      | Found a glowing drain.
   597 | Sewer    | Entered a sewer
   637 | Sewer    | Reached XP level 4. HP: 30/32 MP: 0/0
   989 | Sewer    | Reached XP level 5. HP: 37/38 MP: 0/0
   989 | Sewer    | Learned a level 2 spell: Static Discharge
  1244 | D:4      | Noticed Duvessa
  1244 | D:4      | Noticed Dowan
  1948 | D:1      | Bought a tiny jasper amulet for 115 gold pieces
  2049 | D:3      | Reached XP level 6. HP: 35/45 MP: 0/0
  2300 | D:4      | Killed Dowan
  2452 | D:4      | Noticed Sigmund
  2469 | D:4      | Killed Sigmund
  2470 | D:4      | Reached skill level 1 in Short Blades
  2470 | D:4      | Reached XP level 7. HP: 50/51 MP: 0/0
  2470 | D:4      | Learned a level 2 spell: Poisonous Vapours
  2775 | D:4      | Noticed Ijyb
  2781 | D:4      | Killed Ijyb
  3106 | D:5      | Entered Level 5 of the Dungeon
  3180 | D:4      | Killed Duvessa
  3198 | D:4      | Reached XP level 8. HP: 57/58 MP: 0/0
  3278 | D:4      | Reached skill level 5 in Fighting
  3316 | D:5      | Reached skill level 5 in Spellcasting
  3316 | D:5      | Reached skill level 5 in Conjurations
  3316 | D:5      | Reached skill level 5 in Hexes
  3316 | D:5      | Reached skill level 5 in Summonings
  3316 | D:5      | Reached skill level 5 in Necromancy
  3316 | D:5      | Reached skill level 5 in Translocations
  3316 | D:5      | Reached skill level 5 in Transmutations
  3316 | D:5      | Reached skill level 5 in Fire Magic
  3316 | D:5      | Reached skill level 5 in Ice Magic
  3316 | D:5      | Reached skill level 5 in Air Magic
  3316 | D:5      | Reached skill level 5 in Earth Magic
  3316 | D:5      | Reached skill level 5 in Poison Magic
  3823 | D:4      | Found an iron altar of Okawaru.
  3823 | D:4      | Found a glowing silver altar of Zin.
  4597 | D:5      | Found a staircase to the Ecumenical Temple.
  4606 | Temple   | Entered the Ecumenical Temple
  4620 | Temple   | Became a worshipper of Makhleb the Destroyer
  4727 | D:5      | Reached XP level 9. HP: 66/66 MP: 0/0
  4727 | D:5      | Learned a level 3 spell: Ignite Poison
  4914 | D:6      | Gained mutation: You are occasionally teleported next to
                  | monsters. [potion of mutation]
  4914 | D:6      | Gained mutation: You are frail. (-10% HP) [potion of
                  | mutation]
  4914 | D:6      | Gained mutation: You have a pair of small horns on your
                  | head. [potion of mutation]
  4915 | D:6      | Lost mutation: You have a pair of small horns on your head.
                  | [potion of mutation]
  4915 | D:6      | Lost mutation: You are occasionally teleported next to
                  | monsters. [potion of mutation]
  4915 | D:6      | Gained mutation: Your body sometimes deteriorates upon
                  | taking damage. [potion of mutation]
  4915 | D:6      | Gained mutation: You have a pair of small horns on your
                  | head. [potion of mutation]
  4915 | D:6      | Lost mutation: You have a pair of small horns on your head.
                  | [potion of mutation]
  4915 | D:6      | Gained mutation: You have a pair of small horns on your
                  | head. [potion of mutation]
  4916 | D:6      | Lost mutation: Your body sometimes deteriorates upon taking
                  | damage. [potion of mutation]
  4916 | D:6      | Lost mutation: You have a pair of small horns on your head.
                  | [potion of mutation]
  4916 | D:6      | Gained mutation: You are weak. (Str -2) [potion of
                  | mutation]
  4916 | D:6      | Gained mutation: You are partially covered in iridescent
                  | scales. (AC +2) [potion of mutation]
  4997 | D:6      | Reached skill level 1 in Invocations
  5170 | D:7      | Noticed a two-headed ogre
  5171 | D:7      | Noticed a troll
  5785 | D:7      | Reached skill level 5 in Dodging
  5861 | D:6      | Upgraded the game from 0.31-a0-523-g071a6c1ffa to
                  | 0.31-a0-532-g28f74ba3e5
  6000 | D:7      | Reached * piety under Makhleb
  6044 | D:7      | Reached XP level 10. HP: 64/67 MP: 0/0
  6175 | D:7      | Killed an unseen horror
  6232 | D:7      | Killed a two-headed ogre
  6676 | D:7      | Reached skill level 5 in Invocations
  6996 | D:7      | Found an opulent altar of Gozag.
  7058 | D:7      | Reached ** piety under Makhleb
  7356 | D:8      | Reached skill level 5 in Stealth
  7356 | D:8      | Reached XP level 11. HP: 71/72 MP: 0/0
  7356 | D:8      | Learned a level 4 spell: Fulminant Prism
  7493 | D:8      | Noticed a tengu warrior
  7503 | D:8      | Killed a tengu warrior
  7509 | D:8      | Noticed a cyclops
  7592 | D:8      | Found a staircase to the Lair.
  8302 | D:8      | Killed a cyclops
  8610 | D:9      | Reached *** piety under Makhleb
  8729 | D:9      | Identified the +4 dagger "Wuzomua" {heavy, *Rage rF+ rCorr
                  | Int+3}
  8868 | D:9      | Found a blossoming altar of Fedhas.
  8930 | D:10     | Entered Level 10 of the Dungeon
  9148 | D:10     | Found a sparkling altar of Nemelex Xobeh.
  9277 | D:10     | Found a stormy altar of Qazlal.
  9512 | D:10     | Found a staircase to the Orcish Mines.
  9526 | D:10     | Reached XP level 12. HP: 81/81 MP: 0/0
  9566 | D:10     | Noticed a two-headed ogre
  9574 | D:10     | Killed a two-headed ogre
  9783 | D:11     | Noticed a soul eater
  9828 | D:10     | HP: 3/81 [ice devil (12)]
  9828 | D:10     | Mangled by an ice devil

Illustrated notes

Levels and vault maps discovered:
D:1:      lightli_molten_gateway, layout_rooms, serial_shops, shop,
          minmay_rat_gold_closets
D:2:      layout_rooms, basic_altar
D:3:      layout_rooms, serial_bayou_pond_b
D:4:      kennysheep_goblin_castle, layout_layer_cave,
          gammafunk_temple_overflow_statue, portal_sewer_entry_e,
          lexackson_kobold_supper, uniq_sigmund, uniq_ijyb, uniq_duvessa
D:5:      layout_rooms, marbit_many_paths, minmay_temple_entry_nine_rooms,
          serial_curves, eino_curves_04, eino_curves_03, eino_curves_02,
          eino_curves_02
D:6:      layout_gridville
D:7:      minmay_the_grid_four_pointed_star
          [minmay_the_grid_triangle_9x9_swiss_cheese,
          minmay_the_grid_triangle_9x9_zippers_vertical,
          minmay_the_grid_triangle_9x9_flanged_cone,
          minmay_the_grid_triangle_9x9_wacky_v, minmay_the_grid_prize_big_room],
          layout_loops_corners, grunt_gozag_breadcrumbs, vehumet_altar_wand_db,
          kb_lookout_dungeons_type, minmay_fractal_squares_diagonal_5
D:8:      minmay_distorted_concentric_squares, layout_gridville,
          erik_lair_orcish_takeover
D:9:      layout_loops_cross, nicolae_overflow_hidden_temple
D:10:     layout_basic, nemelex_diamond_rough_becter,
          nicolae_qazlal_scattered_showers
D:11:     layout_basic, serial_demonic, serial_demonic_c, serial_demonic_d,
          serial_demonic_e, serial_demonic_c
Temple:   nicolae_temple_great_sept

Skill      XL: |  1  2  3  4  5  6  7  8  9 10 11 12 |
---------------+-------------------------------------+-----
Spellcasting   | 4 5 6 7 |  7.1
Conjurations   | 4 5 6 7 |  7.1
Hexes          | 4 5 6 7 |  7.1
Summonings     | 4 5 6 7 |  7.1
Necromancy     | 4 5 6 7 |  7.1
Translocations | 4 5 6 7 |  7.1
Transmutations | 4 5 6 7 |  7.1
Fire Magic     | 4 5 6 7 |  7.1
Ice Magic      | 4 5 6 7 |  7.1
Air Magic      | 4 5 6 7 |  7.1
Earth Magic    | 4 5 6 7 |  7.1
Poison Magic   | 4 5 6 7 |  7.1
Fighting       | 1 2 3 4 6 7 8 9 |  9.5
Stealth        | 2 3 5 6 |  6.6
Dodging        | 3 4 5 6 9 |  9.5
Short Blades   | 1 2 3 4 |  4.0
Invocations    | 3 5 6 |  6.1
Evocations     | |  0.1

Action                     |  1- 3 |  4- 6 |  7- 9 | 10-12 || total
---------------------------+-------+-------+-------+-------++-------
  Melee: Quarterstaff      |     1 |       |       |       ||     1
         Dagger            |    16 |    29 |    19 |    25 ||    89
         Rapier            |       |       |    61 |    93 ||   154
   Cast: Foxfire           |    46 |    60 |    92 |    48 ||   246
         Static Discharge  |       |     6 |     7 |     5 ||    18
         Scorch            |       |     8 |    37 |    72 ||   117
         Summon Small Mamm |       |     4 |    20 |    18 ||    42
         Inner Flame       |       |     3 |     6 |     7 ||    16
         Poisonous Vapours |       |       |    10 |    32 ||    42
         Ignite Poison     |       |       |     4 |    21 ||    25
         Volatile Blastmot |       |       |     3 |    15 ||    18
         Fulminant Prism   |       |       |       |     7 ||     7
         Flame Wave        |       |       |       |     3 ||     3
  Evoke: Wand              |       |     1 |       |       ||     1
    Use: Scroll            |     3 |     4 |     8 |    11 ||    26
         Potion            |       |       |     6 |       ||     6
   Stab: Sleeping          |     1 |       |     5 |     4 ||    10
         Distracted        |       |       |       |     3 ||     3
 Armour: Robe              |     7 |    36 |   102 |   119 ||   264
  Dodge: Dodged            |    19 |    85 |   179 |   208 ||   491

Table legend: (Time is in decaauts)
 A = Elapsed time spent in this place.
 B = Non-inter-level travel time spent in this place.
 C = Inter-level travel time spent in this place.
 D = Time resting spent in this place.
 E = Time spent auto-exploring this place.
 F = Levels seen in this place.
 G = Mean time per level.
                   A        B        C        D        E       F      G
               +--------+--------+--------+--------+--------+-----+--------+
         Total |   9872 |   9635 |    237 |    645 |   4965 |  13 |  759.4 |
       Dungeon |   9240 |   9003 |    237 |    623 |   4833 |  11 |  840.0 |
        Temple |     29 |     29 |      0 |      0 |      0 |   1 |   29.0 |
         Sewer |    601 |    601 |      0 |     22 |    132 |   1 |  601.0 |
               +--------+--------+--------+--------+--------+-----+--------+

Top non-repeatable levels by time:
     D:4: 1932 daAuts
     D:7: 1575 daAuts
     D:8: 1102 daAuts
     D:6: 875 daAuts
     D:9: 785 daAuts
    D:10: 713 daAuts
     D:5: 709 daAuts
   Sewer: 601 daAuts
     D:1: 571 daAuts
     D:2: 531 daAuts
     D:3: 427 daAuts
  Temple: 29 daAuts
    D:11: 17 daAuts
